 Dungeon Crawl Stone Soup version 0.18.1-48-g4cf74bf (webtiles) character file.

69 TuxedoFelix the Covered (level 4, 0/40 HPs)
             Began as a Minotaur Fighter on July 24, 2016.
             Slain by a gnoll
             ... wielding a +0 spear
              (2 damage)
             ... on level 3 of the Dungeon.
             The game lasted 00:09:27 (1709 turns).

TuxedoFelix the Covered (Minotaur Fighter)          Turns: 1709, Time: 00:09:28

Health: 0/40       AC:  7    Str: 27    XL:     4   Next: 2%
Magic:  3/3        EV:  8    Int:  5    God:
Gold:   109        SH:  0    Dex:  9    Spells: 0 memorised, 3 levels left

rFire  . . .     SeeInvis .     a - +0 long sword
rCold  . . .     Gourm    .     b - +0 scale mail
rNeg   . . .     Faith    .     c - +0 shield
rPois  .         Spirit   .     (helmet restricted)
rElec  .         Dismiss  .     (no cloak)
rCorr  .         Reflect  .     (no gloves)
SustAt .         Harm     .     (no boots)
MR     .....                    (no amulet)
Stlth  ..........               (no ring)
                                (no ring)

@: confused, mighty, not resistant to hostile enchantments, extremely unstealthy
A: retaliatory headbutt, horns 2
a: no special abilities


You were on level 3 of the Dungeon.
You were not hungry.

You visited 1 branch of the dungeon, and saw 3 of its levels.

You collected 109 gold pieces.

Inventory:

Hand Weapons
 a - a +0 long sword (weapon)
Missiles
 p - 5 javelins (quivered)
Armour
 b - a +0 scale mail (worn)
 c - a +0 shield (worn)
Jewellery
 n - an uncursed ring of flight {unknown}
 u - an uncursed ring of wizardry {unknown}
Wands
 m - a wand of confusion (20/48)
Scrolls
 e - a scroll of enchant armour {unknown}
 l - 2 scrolls of identify {unknown}
 q - a scroll of teleportation {unknown}
 t - a scroll of enchant weapon {unknown}
Potions
 d - a potion of might
 g - a potion of cancellation {unknown}
 h - 2 potions of haste {unknown}
 i - a potion of heal wounds {unknown}
 k - 3 potions of curing {unknown}
 o - a potion of flight {unknown}
 s - a potion of degeneration {unknown}
Comestibles
 f - 2 bread rations
 j - a meat ration
 r - 2 chunks of flesh


   Skills:
 - Level 3.9 Fighting
 * Level 3.3 Long Blades
 * Level 4.3 Armour
 * Level 1.4 Dodging
 * Level 4.2 Shields


You had 3 spell levels left.
You didn't know any spells.

Dungeon Overview and Level Annotations

Branches:
Dungeon (3/15)

Altars:
Pakellas
Xom


Innate Abilities, Weirdness & Mutations

You reflexively headbutt those who attack you in melee.
You have a pair of horns on your head.


Message History

* * * LOW HITPOINT WARNING * * *
You completely miss something. Your headbutt misses something.
Something hits you but does no damage. The gnoll closely misses you.
You miss something. Your headbutt misses something.
You hear some strange, mumbled words.
You are confused.
The gnoll hits you from afar with a spear.
* * * LOW HITPOINT WARNING * * *
Something hits you but does no damage.
You're too confused to move!
The gnoll hits you but does no damage. Something hits you but does no damage.
You closely miss something. Your headbutt misses something.
The gnoll hits you from afar with a spear.
* * * LOW HITPOINT WARNING * * *
You hear some strange, mumbled words.
A magic dart appears from out of thin air!
The magic dart hits you!
* * * LOW HITPOINT WARNING * * *
The gnoll hits you from afar with a spear.
You die... #...... #...... #...... #...... ....g .gl

#{##
#.@#
##.##
#..#
##.#
#.#
#.##
#..#
##.#
#.#


You could see 2 gnolls and a giant gecko.

Vanquished Creatures
  2 adders (D:2)
  A dart slug (D:2)
  4 orcs
  6 bats
  8 giant cockroaches
  4 goblins
  4 hobgoblins
  7 giant newts
  3 kobolds
  5 rats
44 creatures vanquished.

Notes
Turn   | Place    | Note
--------------------------------------------------------------
     0 | D:1      | TuxedoFelix the Minotaur Fighter began the quest for the Orb.
     0 | D:1      | Reached XP level 1. HP: 19/19 MP: 0/0
    97 | D:1      | Reached XP level 2. HP: 27/27 MP: 1/1
   728 | D:2      | Found an oddly glowing altar of Pakellas.
   875 | D:2      | Reached XP level 3. HP: 33/33 MP: 2/2
   895 | D:2      | Reached skill level 1 in Dodging
  1325 | D:2      | Found a shimmering altar of Xom.
  1687 | D:3      | Reached XP level 4. HP: 40/40 MP: 3/3
  1709 | D:3      | HP: 2/40 [something/magic dart (5)]
  1709 | D:3      | Slain by a gnoll

Skill      XL: |  1  2  3 |
---------------+----------+-----
Armour         | 4 |  4.3
Shields        | 4 |  4.2
Dodging        | 1 |  1.4
Long Blades    | 3 |  3.3
Fighting       | |  3.9

Action                   |  1- 3 |  4- 6 || total
-------------------------+-------+-------++-------
Melee: Long sword        |   106 |    19 ||   125
       Headbutt          |    12 |     3 ||    15
  Use: Potion            |       |     1 ||     1
  Eat: Chunk             |     3 |       ||     3
Armor: Scale mail        |    60 |    18 ||    78
Dodge: Dodged            |    37 |     4 ||    41
Block: Shield            |    70 |     9 ||    79
